 Dungeon Crawl Stone Soup version 0.28.0-47-ge53b351184 (webtiles) character file.

Game seed: 14088401112700853854

112 Zeld the Skirmisher (level 4, -1/41 HPs)
             Began as a Draconian Monk on Apr 28, 2022.
             Killed by divine providence
             ... invoked by an orc priest
              (14 damage)
             ... on level 3 of the Dungeon.
             The game lasted 00:02:02 (2989 turns).

Zeld the Skirmisher (Draconian Monk)                Turns: 2989, Time: 00:02:05

Health: -1/41      AC:  5    Str: 15    XL:     4   Next: 63%
Magic:  4/4        EV: 13    Int: 11    God:
Gold:   36         SH:  0    Dex: 13    Spells: 3/3 levels left

rFire   . . .      SeeInvis .   a - +0 war axe
rCold   . . .      Faith    .   (no shield)
rNeg    . . .      Spirit   .   (armour unavailable)
rPois   .          Reflect  .   (helmet restricted)
rElec   .          Harm     .   (no cloak)
rCorr   .          Rampage  .   (no gloves)
Will    .....                   (no boots)
Stlth   ++........              (no amulet)
HPRegen 0.13/turn               (no ring)
MPRegen 0.09/turn               (no ring)

@: no status effects
A: AC +5, unfitting armour, cold-blooded
a: no special abilities


You were on level 3 of the Dungeon.
You visited 2 branches of the dungeon, and saw 5 of its levels.

You collected 88 gold pieces.
You spent 52 gold pieces at shops.

Inventory:

Hand Weapons
 a - a +0 war axe (weapon)
Scrolls
 f - 3 scrolls of identify
 g - a scroll of enchant armour {unknown}
 h - 2 scrolls of magic mapping {unknown}
 i - a scroll of blinking {unknown}
 j - a scroll of holy word {unknown}
 k - a scroll of teleportation {unknown}
Potions
 b - a potion of magic {unknown}
 c - a potion of flight {unknown}
 d - 3 potions of curing {unknown}
 e - a potion of berserk rage {unknown}


   Skills:
 * Level 4.3 Fighting
 * Level 4.0 Axes
 + Level 3.1 Dodging
 + Level 2.4 Stealth


You had 3 spell levels left.
You didn't know any spells.
Your spell library was empty.

Dungeon Overview and Level Annotations

Branches:
Dungeon (4/15)             Temple (1/1) D:4

Altars:
Cheibriados
Dithmenos
Gozag
Hepliaklqana
Makhleb
Nemelex Xobeh
Sif Muna
Trog
Wu Jian
Xom
Zin
The Shining One

Shops:
D:1 [((=?


Innate Abilities, Weirdness & Mutations

Your plain brown scales are hard. (AC +5)
You cannot fit into any form of body armour.
You are cold-blooded and may be slowed by cold attacks.


Message History

A ball python comes into view.
A ball python is nearby!
Items here: " ) [ †.
You closely miss the ball python.
The ball python bites you but does no damage.
The ball python barely misses you.
You closely miss the ball python.
The ball python bites you but does no damage.
The ball python barely misses you. x3
You closely miss the ball python. The ball python misses you.
The ball python grabs you. The ball python constricts you.
The ball python misses you. The ball python constricts you.
A ball python is nearby!
A ball python is nearby!
You hit the ball python but do no damage.
The ball python bites you. The ball python constricts you.
A ball python is nearby!
You slash the ball python!
You kill the ball python!
An orc priest is nearby!
An orc priest is nearby!
An orc priest is nearby!
The orc priest shouts!
The orc priest hits you with a +0 flail.
You barely miss the orc priest. The orc priest barely misses you.
The orc priest invokes the aid of Beogh against you.
Pain shoots through your body!
You hit the orc priest.
The orc priest is moderately wounded.
The orc priest barely misses you.
You barely miss the orc priest.
The orc priest is moderately wounded.
The orc priest closely misses you.
You slash the orc priest!
The orc priest is almost dead.
The orc priest calls down the wrath of Beogh upon you.
Beogh smites you!
The orc priest calls down the wrath of Beogh upon you.
Beogh smites you!
You die...

...........
..........# #
#.........# #.#....#
...#
####.#....##...###
..................
###..#..#.##...#.#
#..#.....).....#
#....@...)†##..#
##.#o#####.......
#>..............
######.†...........##
...................#
#########....###....##
#...................#
#.#######.#######...#
#.# #...


You could see an orc priest.

Vanquished Creatures
  An orc wizard (D:3)
  2 adders (D:2)
  An adder skeleton (D:2)
  2 worms (D:3)
  A dart slug (D:1)
  2 orcs (D:3)
  7 ball pythons
  2 bats
  4 endoplasms
  2 giant cockroaches (D:4)
  6 goblins
  7 hobgoblins
  4 kobolds
  3 quokkas (D:1)
  6 frilled lizards
  7 rats
57 creatures vanquished.

Vanquished Creatures (others)
  9 toadstools (D:4)
9 creatures vanquished.

Grand Total: 66 creatures vanquished

Notes
Turn   | Place    | Note
-------+----------+-------------------------------------------
     0 | D:1      | Zeld the Draconian Monk began the quest for the Orb.
     0 | D:1      | Reached XP level 1. HP: 19/19 MP: 1/1
   201 | D:1      | Found a faded altar of an unknown god.
   298 | D:1      | Found Gurouqis's Armour Shop.
   316 | D:1      | Reached XP level 2. HP: 24/26 MP: 2/2
   724 | D:2      | Reached XP level 3. HP: 33/33 MP: 3/3
  1361 | D:4      | Noticed a scorpion
  1771 | D:4      | Found a staircase to the Ecumenical Temple.
  1782 | Temple   | Entered the Ecumenical Temple
  2168 | D:1      | Found Nufog's Antique Weapon Shop.
  2179 | D:1      | Found Liofucwu's Jewellery Shoppe.
  2181 | D:1      | Reached XP level 4. HP: 40/40 MP: 4/4
  2202 | D:1      | Found Apruril's Antique Weapon Emporium.
  2375 | D:1      | Found Arghec's Magic Scroll Shop.
  2384 | D:1      | Bought a scroll of identify for 26 gold pieces
  2384 | D:1      | Bought a scroll of identify for 26 gold pieces
  2989 | D:3      | Killed from afar by an orc priest

Illustrated notes

Levels and vault maps discovered:
D:1:      onia_arrival_mini_maze_b, layout_rooms,
          hellmonk_ecumenical_altar_pennies_from_heaven, serial_shops, shop,
          shop, shop, nicolae_shop_stone, shop
D:2:      layout_loops_ring
D:3:      layout_basic
D:4:      cheibrodos_fertilizer, layout_gridville, minmay_temple_entry_wispy,
          uniq_crazy_yiuf_cottage
Temple:   chequers_temple_sunken

Skill      XL: |  1  2  3  4 |
---------------+-------------+-----
Stealth        | 2 |  2.4
Dodging        | 3 |  3.1
Fighting       | 4 |  4.3
Axes           | 4 |  4.0

Action                   |  1- 3 |  4- 6 || total
-------------------------+-------+-------++-------
Melee: Hand axe          |    46 |       ||    46
       Tailslap          |     9 |     5 ||    14
       Punch             |     2 |     1 ||     3
       War axe           |    67 |    38 ||   105
 Stab: Sleeping          |     2 |     2 ||     4
Armor: Skin              |    39 |     8 ||    47
Dodge: Dodged            |    96 |    24 ||   120
